 Dungeon Crawl Stone Soup version 0.31-a0-740-g87205ac768 (webtiles) character file.

Game seed: 1496903738559894964

268 LeprechaunX the Changeling (level 6, -3/41 HPs)
             Began as an Octopode Shapeshifter on Sept 12, 2023.
             Slain by a scorpion (5 damage)
             ... on level 3 of the Dungeon.
             The game lasted 00:03:40 (2553 turns).

LeprechaunX the Changeling (Octopode Shapeshifter)  Turns: 2553, Time: 00:03:41

Health: -3/41      AC:  1    Str: 19    XL:     6   Next: 21%
Magic:  6/6        EV: 14    Int: 14    God:
Gold:   149        SH:  0    Dex: 15    Spells: 5/5 levels left

rFire   . .          .
                       - Unarmed
rCold   . . .        (no shield)
rNeg    + . .        (helmet currently unavailable)
rPois   .            q - amulet of Gacwiroa {Acrobat rN+ Str+3 Int+2 Dex+4}
rElec   .            j - ring of see invisible
rCorr   .            p - ring of willpower
SInv    +            (no ring)
Will    +....        (no ring)
Stlth   ++           (no ring)
HPRegen 0.26/turn    (no ring)
MPRegen 0.10/turn    (no ring)
                     (no ring)

%: acrobat
@: lethally poisoned (-3 -> -5), beast-form
A: beast (slay +2), almost no armour, amphibious, 8 rings, camouflage 1,
gelatinous body 1, (nimble swimmer 1), tentacles
a: Begin Untransformation


You were on level 3 of the Dungeon.
You were a hulking beast.
You visited 1 branch of the dungeon, and saw 4 of its levels.

You collected 149 gold pieces.

Inventory:

Hand Weapons
 a - a +2 shortbow of freezing
Missiles
 h - 4 boomerangs (quivered)
Jewellery
 j - a ring of see invisible (left tentacle)
 l - an amulet of faith
 n - a ring of fire
 p - a ring of willpower (right tentacle)
 q - the amulet of Gacwiroa (around mantle) {Acrobat rN+ Str+3 Int+2 Dex+4}
   (You took it off an orc on level 3 of the Dungeon)

   [amulet of the acrobat]

   Acrobat:   It increases your evasion while moving and waiting.
   Str+3:     It affects your strength (+3).
   Int+2:     It affects your intelligence (+2).
   Dex+4:     It affects your dexterity (+4).
   rN+:       It protects you from negative energy.
Talismans
 b - a beast talisman (active)
 c - a flux talisman
Wands
 r - a wand of polymorph (7)
Scrolls
 d - a scroll of vulnerability {unknown}
 f - 2 scrolls of amnesia {unknown}
 g - 3 scrolls of identify {unknown}
 m - a scroll of fear {unknown}
 o - a scroll of noise {unknown}
 t - a scroll of fog {unknown}
Potions
 e - a potion of brilliance {unknown}
 i - a potion of curing {unknown}
 k - a potion of lignification
 s - a potion of heal wounds {unknown}


   Skills:
 + Level 2.5 Fighting
 + Level 1.5 Ranged Weapons
 + Level 3.1 Dodging
 + Level 3.9 Unarmed Combat
 * Level 4.5 Shapeshifting


You had 5 spell levels left.
You didn't know any spells.
Your spell library was empty.

Dungeon Overview and Level Annotations

Branches:
Dungeon (4/15)
 Temple: D:4-7

Altars:

Shops:
D:3 ?


Innate Abilities, Weirdness & Mutations

You are a hulking beast.
Your limbs bulge with bestial killing power. (Slay +2)
You cannot wear most types of armour.
You are amphibious.
You can wear up to eight rings at the same time.
Your skin changes colour to match your surroundings (Stealth+).
Your rubbery body absorbs attacks. (AC +1, EV +1)
((You are camouflaged when in or above water. (Stealth+)))
You have tentacles for arms and can constrict up to eight enemies at once.


Message History

You constrict the iguana. The iguana closely misses you.
You tentacle-slap the iguana but do no damage.
You squeeze the iguana.
The iguana is almost dead.
You constrict the iguana. The iguana bites you.
You closely miss the hobgoblin. You grab the hobgoblin.
You constrict the hobgoblin. You constrict the iguana.
You kill the iguana!
The hobgoblin misses you.
You tentacle-slap the hobgoblin.
You kill the hobgoblin!
Your +2 shortbow of freezing is covered in frost.
a - a +2 shortbow of freezing (weapon)
The orc warrior shouts!
You shoot an arrow.
The arrow closely misses the orc warrior.
You shoot an arrow.
Unknown command.
Your +2 shortbow of freezing stops glowing.
You are now empty-tentacled.
The scorpion attacks as it pursues you! The scorpion barely misses you.
There is a stone staircase leading up here.
The scorpion stings you.
You are poisoned.
The scorpion poisons you!
The orc warrior hits you with a +0 hand axe!
You climb upwards.
You feel very sick.
There is a stone staircase leading down here.
You feel sick. The scorpion stings you.
The orc warrior attacks as it pursues you!
The orc warrior misses you. The scorpion misses you.
You feel sick. The scorpion stings you.
You tentacle-slap the orc warrior but do no damage.
Your grab misses the orc warrior. Your squeeze misses the orc warrior.
You feel sick.
The orc warrior hits you with a +0 hand axe!
* * * LOW HITPOINT WARNING * * *
The scorpion stings you.
You die...

#######.# #.##########
#....#..# #..........#
#.##.#..# #.########.#
#.##.#..#####.#### #.#
#.##.#........##.# #.#
#.##.##.#.....†..#####.#
........#[######.#.....#
...######.# #.#.#####
...# #.######h#.# ...#
#.##.<.so#.#
#.#######.######>#.# #.#
#............#.#
#.###........###.#.#
#............#
#.#.#######
#####........#
#.#.......#
....#........#
#.######.##
.............# #.# #.#


You could see an orc warrior and a scorpion.

Vanquished Creatures
  A jelly (D:4)
  An orc priest (D:3)
  A sleepcap (D:4)
  An iguana (D:4)
  Ijyb (D:3)
  Robin (D:3)
  3 adders
  10 orcs
  4 bats
  6 endoplasms
  3 giant cockroaches
  9 hobgoblins
  7 jackals
  5 quokkas
  5 ball pythons
  3 frilled lizards
  8 goblins
  5 kobolds
  7 rats
81 creatures vanquished.

Notes
Turn   | Place    | Note
-------+----------+-------------------------------------------
     0 | D:1      | LeprechaunX the Octopode Shapeshifter began the quest for
                  | the Orb.
     0 | D:1      | Reached XP level 1. HP: 13/13 MP: 1/1
   151 | D:1      | Reached XP level 2. HP: 12/18 MP: 2/2
   546 | D:2      | Reached XP level 3. HP: 11/23 MP: 3/3
  1117 | D:2      | Reached XP level 4. HP: 29/29 MP: 4/4
  1526 | D:3      | Found Counuorerph's Magic Scroll Shoppe.
  1671 | D:3      | Identified the amulet of Gacwiroa {Acrobat rN+ Str+3 Int+2
                  | Dex+4}
  1701 | D:3      | Noticed Robin
  1703 | D:3      | Killed Robin
  1710 | D:3      | Noticed Ijyb
  1718 | D:3      | Killed Ijyb
  1719 | D:3      | Reached skill level 4 in Shapeshifting
  1719 | D:3      | Reached XP level 5. HP: 21/34 MP: 5/5
  1734 | D:3      | Reached skill level 1 in Ranged Weapons
  2271 | D:3      | Found a faded altar of an unknown god.
  2475 | D:4      | Noticed an orc warrior
  2525 | D:4      | Reached XP level 6. HP: 41/41 MP: 6/6
  2553 | D:3      | HP: 2/41 [orc warrior/+0 hand axe (16)]
  2553 | D:3      | Slain by a scorpion

Illustrated notes

Levels and vault maps discovered:
D:1:      psy_arrival_statuary, layout_rooms, minivault_25
D:2:      layout_basic, minmay_misc_feat_ornament
D:3:      layout_basic, shapermc_ecumenical_altar_totnotflames, serial_shops,
          shop, nicolae_goblin_pals
D:4:      layout_rooms, serial_forest, infiniplex_forest_diagonal,
          infiniplex_forest_clump_small, infiniplex_forest_lined_3_way,
          infiniplex_forest_zigzag_1, infiniplex_forest_lined_room_2

Skill      XL: |  1  2  3  4  5 |
---------------+----------------+-----
Fighting       | 2 |  2.5
Shapeshifting  | 4 |  4.5
Ranged Weapons | 1 |  1.5
Dodging        | 3 |  3.1
Unarmed Combat | |  3.9

Action                     |  1- 3 |  4- 6 || total
---------------------------+-------+-------++-------
  Melee: Unarmed           |    64 |    48 ||   112
         Constrict         |    14 |    13 ||    27
         Tentacles         |    11 |    17 ||    28
         Punch             |     2 |     2 ||     4
   Fire: Shortbow          |       |    47 ||    47
   Stab: Sleeping          |     7 |     3 ||    10
         Distracted        |     1 |       ||     1
 Armour: Skin              |    21 |    20 ||    41
  Dodge: Dodged            |    41 |    25 ||    66

Table legend: (Time is in decaauts)
 A = Elapsed time spent in this place.
 B = Non-inter-level travel time spent in this place.
 C = Inter-level travel time spent in this place.
 D = Time resting spent in this place.
 E = Time spent auto-exploring this place.
 F = Levels seen in this place.
 G = Mean time per level.
                   A        B        C        D        E       F      G
               +--------+--------+--------+--------+--------+-----+--------+
         Total |   2559 |   2476 |     83 |      0 |   2044 |   4 |  639.8 |
       Dungeon |   2559 |   2476 |     83 |      0 |   2044 |   4 |  639.8 |
               +--------+--------+--------+--------+--------+-----+--------+

Top non-repeatable levels by time:
     D:2: 1016 daAuts
     D:3: 950 daAuts
     D:1: 461 daAuts
     D:4: 131 daAuts
